 Dungeon Crawl Stone Soup version 0.30.0-18-gc0e69614cb (webtiles) character file.

Game seed: 9700462403434131985

17038 Irreverend the Carver (level 12, -20/116 HPs)
             Began as a Minotaur Berserker on May 25, 2023.
             Was a High Priest of Trog.
             Killed from afar by an ice dragon (49 damage)
             ... with a blast of cold
             ... on level 2 of the Lair of Beasts.
             The game lasted 00:18:24 (11490 turns).

Irreverend the Carver (Minotaur Berserker)         Turns: 11490, Time: 00:18:24

Health: -20/116    AC: 25    Str: 26    XL:     12   Next: 15%
Magic:  11/11      EV:  8    Int:  4    God:    Trog [*****.]
Gold:   839        SH:  0    Dex: 11    Spells: 11/11 levels left

rFire   . . .        O - +4 great sword
rCold   . . .        (shield currently unavailable)
rNeg    . . .        F - +0 plate armour
rPois   .            G - +0 hat {SInv}
rElec   .            (no cloak)
rCorr   .            (no gloves)
SInv    +            f - +0 pair of boots
Will    .....        I - amulet of regeneration Stlth
                     k - +4 ring of protection
HPRegen 1.19/turn    b - +4 ring of protection
MPRegen 0.12/turn

%: no passive effects
@: on berserk cooldown, slowed, very slow
A: horns 2, retaliatory headbutt
a: Renounce Religion, Berserk, Trog's Hand, Brothers in Arms


You were on level 2 of the Lair of Beasts.
You worshipped Trog.
Trog was extremely pleased with you.
You visited 2 branches of the dungeon, and saw 13 of its levels.

You collected 839 gold pieces.

Inventory:

Hand Weapons
 y - a +4 short sword
 C - a +0 scimitar
 O - a +4 great sword (weapon)
Missiles
 E - 6 throwing nets (quivered)
Armour
 a - the +5 leather armour of the Blizzard {rF+++}
   (You found it on level 7 of the Dungeon)

   rF:        It renders you almost immune to fire.
 f - a +0 pair of boots (worn)
 l - a +0 chain mail
 F - a +0 plate armour (worn)
 G - a +0 hat of see invisible (worn)
Jewellery
 b - a +4 ring of protection (right hand)
 k - a +4 ring of protection (left hand)
 v - a ring of see invisible
 I - an amulet of regeneration (around neck)
 J - an amulet of regeneration
 M - a ring of magical power
 N - a +6 ring of dexterity
 S - an amulet of the acrobat
 U - a ring of positive energy
Wands
 L - a wand of flame (7)
 P - a wand of mindburst (7)
 R - a wand of light (9)
 V - a wand of iceblast (6)
Scrolls
 d - 11 scrolls of identify {unknown}
 e - 6 scrolls of teleportation {unknown}
 g - 3 scrolls of magic mapping {unknown}
 h - 3 scrolls of amnesia {unknown}
 n - a scroll of fog {unknown}
 o - 2 scrolls of summoning {unknown}
 p - 3 scrolls of blinking {unknown}
 r - a scroll of enchant weapon {unknown}
 u - 3 scrolls of poison {unknown}
 z - a scroll of brand weapon {unknown}
 B - a scroll of silence {unknown}
 D - a scroll of fear {unknown}
 W - a scroll of immolation {unknown}
Potions
 c - 5 potions of brilliance {unknown}
 i - 11 potions of curing {unknown}
 j - 4 potions of attraction {unknown}
 m - 2 potions of degeneration {unknown}
 q - 2 potions of heal wounds {unknown}
 s - 4 potions of lignification {unknown}
 t - 6 potions of flight {unknown}
 w - 2 potions of might {unknown}
 x - a potion of mutation {unknown}
 A - 2 potions of magic {unknown}
 H - 2 potions of haste {unknown}
 K - a potion of resistance {unknown}
 Q - 2 potions of ambrosia {unknown}
 T - a potion of berserk rage {unknown}


   Skills:
 + Level 13.8 Fighting
 + Level 14.9 Long Blades
 + Level 13.5 Armour
 - Level 2.2 Dodging


You had 11 spell levels left.
You didn't know any spells.
Your spell library was empty.

Dungeon Overview and Level Annotations

Branches:
Dungeon (11/15)            Temple (0/1) D:7            Lair (2/5) D:10
    Orc (0/2) D:9
  Swamp: Lair:2-3    Shoals: Lair:2-3     Snake: Lair:2-3    Spider: Lair:2-3

Altars:
Cheibriados
Dithmenos
Hepliaklqana
Nemelex Xobeh
Okawaru
Qazlal
Trog
Uskayaw
Yredelemnul

Portals:
Trove: D:11 (give +5 ice dragon scales)

Annotations:
D:10 2 transporters, exclusion: oklob plant, domi's ghost, weakling SpWr


Innate Abilities, Weirdness & Mutations

You have a pair of horns on your head.
You reflexively headbutt those who attack you in melee.


Message History

The ice dragon bites you but does no damage.
The ice dragon claws you.
The ice dragon tramples you but does no damage.
The ice beast closely misses you.
The white imp hits you but does no damage.
The ice dragon barely misses you.
The ice dragon claws you but does no damage.
The ice dragon barely misses you.
The ice beast hits you but does no damage.
The ice beast moves out of view.
The white imp gestures at you.
The puff of frost hits you but does no damage.
The ice dragon breathes frost at you.
The blast of cold hits the white imp.
The white imp resists.
The blast of cold hits you!
* * * LOW HITPOINT WARNING * * *
You hear an angry growl.
Your two-headed ogre goes berserk!
The white imp closely misses you.
You swap places.
Something bites your two-headed ogre.
Something barely misses your two-headed ogre.
Something tramples your two-headed ogre!
Your two-headed ogre stumbles backwards!
Your two-headed ogre misses the ice beast.
Your two-headed ogre closely misses the ice beast.
You barely miss the ice beast. Your headbutt misses the ice beast.
A black bear comes into view.
Your two-headed ogre completely misses the ice beast.
Your two-headed ogre hits the ice beast with a +0 giant club!
You barely miss the ice dragon.
The ice dragon is heavily wounded.
Your two-headed ogre hits the ice beast with a +0 giant club!!!
The ice beast dies!
Trog accepts your kill.
The white imp shouts, "Face thy requiem, thou froward shard-borne bandersnitch!"
The ice beast hits your two-headed ogre.
The ice beast freezes your two-headed ogre!
The ice dragon breathes frost at you. The blast of cold hits you!!!
You die...

Y≈≈≈...≈.......
≈≈≈≈.[≈≈≈...... .
≈≈≈≈.≈~~≈.#....
......Y≈.~.......
.... ~≈≈.⌠......
#.. #.†.......
##..####YY.#
##...Y.##YY.#
##.....h@#..##
.........DY5##
#......<.O.#.#
............##
#............#
#P...........#
#...........##
##...........#
##..........#


You could see an ice dragon (catching breath), a black bear, 2 ice beasts, a
white imp and a friendly two-headed ogre (summoned, berserk).

Vanquished Creatures
  Gastronok (D:8)
  A vault guard (D:11)
  4 two-headed ogres
  Pikel (D:7)
  A manticore (D:11)
  Psyche (D:9)
  An unseen horror (D:11)
  A komodo dragon (Lair:1)
  A rime drake (Lair:2)
  2 polar bears (Lair:2)
  5 trolls
  A hornet (D:9)
  A hornet (shapeshifter) (D:10)
  3 blink frogs (Lair:1)
  A vampire (D:10)
  2 shadows (D:11)
  22 yaks
  A steam dragon (D:8)
  4 wargs
  4 water moccasins
  4 orc warriors
  A black bear (D:5)
  3 ogres
  2 centaurs
  A phantom (D:5)
  2 kobold brigands
  A bullfrog (D:8)
  3 necrophages (D:7)
  3 scorpions (D:5)
  6 wights
  14 killer bees
  7 howler monkeys
  An electric eel (D:10)
  A centaur zombie (D:7)
  5 jellies
  A bullfrog zombie (D:7)
  3 hounds
  A human zombie (D:7)
  2 gnoll boudas
  11 orc priests
  2 iguanas
  A sleepcap (D:5)
  8 orc wizards
  2 killer bee zombies (D:7)
  A mummy (D:7)
  17 gnolls
  7 adders
  3 white imps
  An ufetubus (D:7)
  2 worms (D:2)
  2 dart slugs
  32 orcs
  4 ball pythons
  18 endoplasms
  3 giant cockroaches
  9 goblins
  13 hobgoblins
  4 jackals
  3 quokkas
  2 bats (D:3)
  10 frilled lizards
  21 kobolds
  5 rats
300 creatures vanquished.

Vanquished Creatures (collateral kills)
  A yak (D:10)
  An ice beast (Lair:2)
  An orc priest (D:10)
  2 orc wizards (D:10)
5 creatures vanquished.

Grand Total: 305 creatures vanquished

Notes
Turn   | Place    | Note
-------+----------+-------------------------------------------
     0 | D:1      | Irreverend the Minotaur Berserker began the quest for the
                  | Orb.
     0 | D:1      | Reached XP level 1. HP: 19/19 MP: 0/0
    94 | D:1      | Reached skill level 4 in Long Blades
   119 | D:1      | Reached XP level 2. HP: 27/27 MP: 1/1
   873 | D:2      | Reached XP level 3. HP: 27/33 MP: 2/2
   921 | D:2      | Reached ** piety under Trog
  1423 | D:3      | Reached XP level 4. HP: 41/41 MP: 3/3
  1424 | D:3      | Reached skill level 5 in Long Blades
  1801 | D:3      | Reached XP level 5. HP: 47/47 MP: 4/4
  1938 | D:3      | You fall into a shaft and drop 2 floors!
  1938 | D:5      | Entered Level 5 of the Dungeon
  2070 | D:4      | Reached skill level 6 in Long Blades
  2072 | D:4      | Reached skill level 5 in Fighting
  2077 | D:4      | Reached *** piety under Trog
  2407 | D:4      | Reached XP level 6. HP: 34/56 MP: 5/5
  2509 | D:4      | Found a hazy altar of Hepliaklqana.
  2985 | D:5      | Reached skill level 7 in Long Blades
  3156 | D:5      | Reached skill level 5 in Armour
  3156 | D:5      | Reached XP level 7. HP: 62/62 MP: 6/6
  3339 | D:5      | Reached skill level 8 in Long Blades
  3606 | D:5      | Reached XP level 8. HP: 67/71 MP: 7/7
  3920 | D:6      | Reached skill level 9 in Long Blades
  4630 | D:7      | Identified the +5 leather armour of the Blizzard {rF+++}
  4944 | D:7      | Reached skill level 10 in Long Blades
  5019 | D:7      | Reached **** piety under Trog
  5173 | D:7      | Noticed Pikel
  5181 | D:7      | Killed Pikel
  5182 | D:7      | Reached skill level 11 in Long Blades
  5182 | D:7      | Reached XP level 9. HP: 81/81 MP: 8/8
  5236 | D:7      | Found a staircase to the Ecumenical Temple.
  5703 | D:7      | Found a basalt altar of Yredelemnul.
  5756 | D:8      | Noticed a two-headed ogre
  5763 | D:8      | Killed a two-headed ogre
  5764 | D:8      | Reached skill level 12 in Long Blades
  5890 | D:8      | Noticed a two-headed ogre
  5897 | D:8      | Killed a two-headed ogre
  5898 | D:8      | Reached XP level 10. HP: 91/91 MP: 9/9
  5932 | D:8      | Noticed Gastronok
  5945 | D:8      | Killed Gastronok
  5946 | D:8      | Reached skill level 13 in Long Blades
  6462 | D:8      | Reached skill level 10 in Fighting
  6900 | D:9      | Found a bloodstained altar of Trog.
  6900 | D:9      | Found a snail-covered altar of Cheibriados.
  6928 | D:9      | Found a faded altar of an unknown god.
  6930 | D:9      | Found a shadowy altar of Dithmenos.
  6931 | D:9      | Found an iron altar of Okawaru.
  7012 | D:9      | Reached skill level 10 in Armour
  7026 | D:9      | Reached skill level 14 in Long Blades
  7232 | D:9      | Noticed Psyche
  7254 | D:9      | Killed Psyche
  7410 | D:9      | Found a staircase to the Orcish Mines.
  7646 | D:9      | Reached XP level 11. HP: 95/102 MP: 10/10
  7692 | D:9      | Found a sparkling altar of Nemelex Xobeh.
  7731 | D:9      | Found a stormy altar of Qazlal.
  7917 | D:10     | Entered Level 10 of the Dungeon
  7931 | D:10     | Noticed a two-headed ogre
  7941 | D:10     | Found a staircase to the Lair.
  7948 | D:10     | Killed a two-headed ogre
  7995 | D:10     | Reached ***** piety under Trog
  8242 | D:10     | Noticed a two-headed ogre
  8249 | D:10     | Killed a two-headed ogre
  8481 | D:10     | Found a hide-covered altar of Uskayaw.
  8498 | D:10     | Identified the +5 great mace of Abomination {protect, rN++
                  | Will+ Str+2 Dex-3}
  8498 | D:10     | Noticed a two-headed ogre
  8498 | D:10     | Noticed domi's ghost (weakling SpWr)
  8499 | D:10     | Noticed a two-headed ogre
  8506 | D:10     | Found a transporter.
  8507 | D:10     | Noticed a two-headed ogre
  8508 | D:10     | Noticed a two-headed ogre
  8729 | D:10     | Noticed an oklob plant
  9275 | D:10     | Received a gift from Trog
  9362 | D:10     | Found a transporter.
 10398 | D:11     | Noticed a vault guard
 10405 | D:11     | Killed a vault guard
 10413 | D:11     | Found a portal to a secret trove of treasure.
 10567 | Lair:1   | Entered Level 1 of the Lair of Beasts
 10731 | Lair:1   | Reached XP level 12. HP: 99/115 MP: 11/11
 10865 | Lair:1   | You fall into a shaft and drop 1 floor!
 11464 | Lair:2   | Noticed an ice dragon
 11490 | Lair:2   | Killed from afar by an ice dragon

Illustrated notes

Levels and vault maps discovered:
D:1:      giann_bridges, layout_loops_ring, corexii_corridor_pit, minivault_14,
          amcnicky_mini_corridor_feature
D:2:      layout_basic
D:3:      layout_rooms, kennysheep_potato
D:4:      layout_loops_cross, mainiacjoe_overflow_tiny_flanked,
          minmay_lizard_king
D:5:      nicolae_cairo_tiling, layout_loops_cross
D:6:      layout_loops_ring
D:7:      minmay_klotski, layout_rooms, lemuel_mausoleum_altar_yredelemnul,
          minmay_temple_entry_statues_pillars, nicolae_eternal_life, uniq_pikel
D:8:      layout_loops_corners, corner_web_ring, uniq_gastronok
D:9:      layout_cave_pods, mainiacjoe_overflow_six_doors_small,
          chequers_temple_overflow_minitemple, nemelex_spade_bored_becter,
          david_orc_3, nicolae_wwwww, chequers_serial_rivers_marsh, uniq_psyche
D:10:     lemuel_slime, layout_basic, mainiacjoe_overflow_surrounded_room,
          erik_lair_orcish_takeover, gammafunk_ghost_smash,
          minmay_misc_feat_hallway, minmay_strange_pillars, serial_bayou_ford_a
D:11:     layout_loops_corners, enter_trove_5
Lair:1:   layout_cave_pods, infiniplex_staircase_pool_2
Lair:2:   layout_cave_pods, nicolae_spider_entry_lesser_pyramids, ice2_lemuel

Skill      XL: |  1  2  3  4  5  6  7  8  9 10 11 |
---------------+----------------------------------+-----
Long Blades    | 4 5 6 7 8 11 12 14 | 14.9
Fighting       | 4 5 6 8 9 11 13 | 13.8
Armour         | 3 4 5 6 7 9 10 13 | 13.5
Dodging        | |  2.2

Action                     |  1- 3 |  4- 6 |  7- 9 | 10-12 || total
---------------------------+-------+-------+-------+-------++-------
  Melee: Falchion          |   120 |   130 |    17 |       ||   267
         Headbutt          |    16 |    22 |    56 |    88 ||   182
         Punch             |     1 |     2 |     2 |     7 ||    12
         Short sword       |       |       |    85 |       ||    85
         Scimitar          |       |       |   188 |   321 ||   509
         Great sword       |       |       |       |   121 ||   121
 Invoke: Berserk           |     2 |     6 |     7 |    11 ||    26
         Trog's Hand       |       |       |     1 |       ||     1
         Brothers in Arms  |       |       |       |     2 ||     2
  Evoke: Wand              |       |       |       |     2 ||     2
 Armour: Animal skin       |    22 |       |       |       ||    22
         Chain mail        |    25 |    58 |    75 |       ||   158
         Skin              |     1 |       |       |       ||     1
         Leather armour    |       |       |    57 |       ||    57
         Plate armour      |       |       |       |   347 ||   347
  Dodge: Dodged            |    56 |    48 |   128 |   189 ||   421
